 Dungeon Crawl Stone Soup version 0.30-a0-953-g5f1da4a474 (webtiles) character file.

Game seed: 3672978613400172034

266 xian the Shooter (level 6, 0/52 HPs)
             Began as a Draconian Hunter on Mar 28, 2023.
             Slain by an orc wizard
             ... wielding a +0 dagger
              (4 damage)
             ... on level 3 of the Dungeon.
             The game lasted 00:03:40 (1798 turns).

xian the Shooter (Draconian Hunter)                 Turns: 1798, Time: 00:03:41

Health: 0/52       AC:  8    Str: 15    XL:     6   Next: 0%
Magic:  6/6        EV: 12    Int: 15    God:
Gold:   165        SH:  0    Dex: 15    Spells: 5/5 levels left

rFire   . . .      SeeInvis .    d - +1 dagger (speed)
rCold   . . .      Faith    .    (no shield)
rNeg    . . .      Spirit   .    (body armour unavailable)
rPois   .          Reflect  .    (helmet restricted)
rElec   .          Rampage  .    (no cloak)
rCorr   .                        f - +0 pair of gloves
Will    .....                    e - +0 pair of boots
Stlth   +                        (no amulet)
HPRegen 0.28/turn                k - +6 ring of intelligence
MPRegen 0.10/turn                (no ring)

@: confused
A: AC +6, unfitting armour, cold-blooded
a: no special abilities


You were on level 3 of the Dungeon.
You visited 1 branch of the dungeon, and saw 3 of its levels.

You collected 165 gold pieces.

Inventory:

Hand Weapons
 a - a +0 shortbow
 d - a +1 dagger of speed (weapon)
Missiles
 c - 4 poisoned darts
 j - 5 javelins
Armour
 e - a +0 pair of boots (worn)
 f - a +0 pair of gloves (worn)
Jewellery
 k - a +6 ring of intelligence (left hand)
Wands
 g - a wand of flame (15)
Scrolls
 b - 2 scrolls of immolation
 i - a scroll of vulnerability {unknown}
 m - a scroll of silence {unknown}
Potions
 h - a potion of mutation
 l - a potion of might
 n - a potion of haste


   Skills:
 + Level 3.8 Fighting
 + Level 1.0 Short Blades
 + Level 5.6 Ranged Weapons
 + Level 2.2 Dodging
 + Level 1.2 Stealth


You had 5 spell levels left.
You didn't know any spells.
Your spell library contained the following spells:

 Spells                   Type           Power      Damage    Failure   Level
 Apportation              Tloc           0%         N/A       26%         1
 Necrotise                Necr           0%         1d4       26%         1
 Summon Small Mammal      Summ           0%         N/A       26%         1
 Cigotuvi's Dreadful Rot  Necr/Pois/Air  0%         N/A       38%         2
 Poisonous Vapours        Pois/Air       0%         N/A       38%         2
 Mephitic Cloud           Conj/Pois/Air  0%         N/A       63%         3


Dungeon Overview and Level Annotations

Branches:
Dungeon (3/15)

Altars:
Vehumet


Innate Abilities, Weirdness & Mutations

Your plain brown scales are hard. (AC +6)
You cannot fit into any form of body armour.
You are cold-blooded and may be slowed by cold attacks.


Message History

The orc priest hits you but does no damage.
You hear some strange, mumbled words.
A magic dart appears from out of thin air!
The magic dart hits you.
You hit the orc priest but do no damage.
The orc priest is heavily wounded.
You completely miss the orc priest.
The orc priest is heavily wounded.
The orc priest mumbles some strange prayers to Beogh against you.
Beogh smites you!
* * * LOW HITPOINT WARNING * * *
You hear some strange, mumbled words.
You are confused.
You bump into the rock wall.
The orc priest closely misses you. Something hits you but does no damage.
You hit the orc priest.
The orc priest is heavily wounded.
The orc priest barely misses you. Something hits you but does no damage.
Unknown command.
You hit the orc priest.
The orc priest is heavily wounded.
You miss the orc priest. You tail-slap the orc priest.
The orc priest is severely wounded.
The orc priest hits you with a +0 dagger.
* * * LOW HITPOINT WARNING * * *
Something hits you but does no damage.
You bump into the stone wall.
The orc priest barely misses you. Something barely misses you.
Unknown command.
You bump into the rock wall.
The orc priest closely misses you. Something hits you.
* * * LOW HITPOINT WARNING * * *
Unknown command.
You hit the orc priest but do no damage.
You tail-slap the orc priest, but do no damage.
The orc priest is severely wounded.
The orc priest hits you with a +0 dagger.
* * * LOW HITPOINT WARNING * * *
Something hits you.
You die...

#.# #..
#.######
#..)....
##.##### #.##
#..# ##.#
#############.#
#@o.........#.#
#{#########...#
#o. ##..# #..8
#..# ..... #..#
...... #..#
#)...... $#.##
##..8...8 ##.#
#.#


You could see an orc priest and an orc.

Vanquished Creatures
  Grinder (D:3)
  2 adders
  A gnoll (D:1)
  A dart slug (D:2)
  3 orcs (D:3)
  3 endoplasms
  3 giant cockroaches
  10 goblins
  3 hobgoblins
  3 kobolds
  2 quokkas
  7 ball pythons
  4 bats
  A frilled lizard (D:1)
  2 rats
46 creatures vanquished.

Notes
Turn   | Place    | Note
-------+----------+-------------------------------------------
     0 | D:1      | xian the Draconian Hunter began the quest for the Orb.
     0 | D:1      | Reached XP level 1. HP: 17/17 MP: 1/1
   272 | D:1      | Reached XP level 2. HP: 24/25 MP: 2/2
   302 | D:1      | Reached skill level 4 in Ranged Weapons
   683 | D:1      | Reached skill level 1 in Stealth
   696 | D:1      | You fall into a shaft and drop 1 floor!
   696 | D:2      | Found a radiant altar of Vehumet.
   799 | D:2      | Reached XP level 3. HP: 30/30 MP: 3/3
   853 | D:2      | Found a faded altar of an unknown god.
  1381 | D:3      | Noticed Grinder
  1409 | D:3      | Killed Grinder
  1410 | D:3      | Reached skill level 1 in Short Blades
  1410 | D:3      | Reached skill level 5 in Ranged Weapons
  1410 | D:3      | Reached XP level 4. HP: 10/40 MP: 4/4
  1410 | D:3      | Reached XP level 5. HP: 12/46 MP: 5/5
  1776 | D:3      | Reached XP level 6. HP: 36/52 MP: 6/6
  1798 | D:3      | Slain by an orc wizard

Illustrated notes

Levels and vault maps discovered:
D:1:      spicycebolla_arrival_xxxplode, layout_loops_corners
D:2:      layout_basic, basic_altar, chequers_ecumenical_altar_simple
D:3:      cheibrodos_pilgrimage, layout_basic, hellmonk_ghost_happy_afterlife,
          uniq_grinder, uniq_sigmund

Skill      XL: |  1  2  3 |
---------------+----------+-----
Ranged Weapons | 4 5 |  5.6
Stealth        | 1 |  1.2
Fighting       | 3 |  3.8
Short Blades   | 1 |  1.0
Dodging        | 2 |  2.2

Action                     |  1- 3 |  4- 6 || total
---------------------------+-------+-------++-------
  Melee: Dagger            |    11 |    16 ||    27
         Tailslap          |       |     3 ||     3
   Fire: Shortbow          |    93 |    24 ||   117
    Use: Potion            |     2 |       ||     2
         Scroll            |     1 |       ||     1
 Armour: Skin              |    24 |    13 ||    37
  Dodge: Dodged            |    50 |     8 ||    58

Table legend: (Time is in decaauts)
 A = Elapsed time spent in this place.
 B = Non-inter-level travel time spent in this place.
 C = Inter-level travel time spent in this place.
 D = Time resting spent in this place.
 E = Time spent auto-exploring this place.
 F = Levels seen in this place.
 G = Mean time per level.
                   A        B        C        D        E       F      G
               +--------+--------+--------+--------+--------+-----+--------+
         Total |   1806 |   1712 |     94 |      0 |   1352 |   3 |  602.0 |
       Dungeon |   1806 |   1712 |     94 |      0 |   1352 |   3 |  602.0 |
               +--------+--------+--------+--------+--------+-----+--------+

Top non-repeatable levels by time:
     D:1: 709 daAuts
     D:2: 671 daAuts
     D:3: 425 daAuts
